 Dungeon Crawl Stone Soup version 0.19-a0-1153-g63c3caf (webtiles) character file.

42 TRIGGERED the Skirmisher (level 3, -5/29 HPs)
             Began as a Mummy Berserker on Aug 13, 2016.
             Was a Follower of Trog.
             Killed from afar by Sigmund (13 damage)
             ... with a puff of flame
             ... on level 2 of the Dungeon.
             The game lasted 00:01:52 (849 turns).

TRIGGERED the Skirmisher (Mummy Berserker)           Turns: 849, Time: 00:01:53

Health: -5/29      AC:  7    Str: 20    XL:     3   Next: 35%
Magic:  3/3        EV:  9    Int:  6    God:    Trog [*.....]
Gold:   81         SH:  0    Dex: 12    Spells: 0 memorised, 2 levels left

rFire  x . .     SeeInvis .     a - +0 falchion
rCold  + . .     Gourm    .     d - +0 scale mail
rNeg   + + +     Faith    .     (no shield)
rPois  ∞         Spirit   .     (no helmet)
rElec  .         Dismiss  .     (no cloak)
rCorr  .         Reflect  .     e - +0 pair of gloves
MR     .....     Harm     .     (no boots)
Stlth  ..........               (no amulet)
                                (no ring)
                                (no ring)

@: heavily drained
A: no food or potions, fire vulnerability, cold resistance 1, negative energy
resistance 3, torment resistance, unbreathing
a: Burn Spellbooks, Renounce Religion


You were on level 2 of the Dungeon.
You worshipped Trog.
Trog was aware of your devotion.
You were not hungry.

You visited 1 branch of the dungeon, and saw 2 of its levels.

You collected 81 gold pieces.

Inventory:

Hand Weapons
 a - a +0 falchion (weapon)
Armour
 d - a +0 scale mail (worn)
 e - a +0 pair of gloves (worn)
Scrolls
 b - a scroll of remove curse {unknown}
 c - a scroll of immolation {unknown}
 f - a scroll of amnesia {unknown}
 g - a scroll of identify {unknown}


   Skills:
 + Level 3.6(2.0) Fighting
 * Level 3.2(1.7) Long Blades
 - Level 1.5(0.1) Armour
 - Level 1.5(0.1) Dodging


You had 2 spell levels left.
You didn't know any spells.

Dungeon Overview and Level Annotations

Branches:
Dungeon (2/15)

Altars:
Vehumet

Annotations:
D:2 Sigmund


Innate Abilities, Weirdness & Mutations

You do not eat or drink.
Your flesh is vulnerable to fire.
You are immune to poison.
Your flesh is cold resistant. (rC+)
You are immune to negative energy. (rN+++)
You are immune to unholy pain and torment.
You can survive without breathing.


Message History

No target in view!
Unknown command.
You see here a rat corpse.
Unknown command.
Unknown command.
Unknown command.
Unknown command.
Found a whip.
Sigmund the Dreaded comes into view.
He is wielding a scythe.
Sigmund shouts!
Sigmund laughs darkly.
Found 11 stones.
Sigmund points at you and butts some strange words.
The puff of flame butts you! The fire burns you terribly!
Sigmund gestures at you while chanting. The puff of flame butts you!
The butt burns you terribly!
* * * LOW HITPOINT WARNING * * *
Sigmund casts a butt at you. The puff of butt hits you!
The fire burns you terribly!
You die...

#.............#
#.##..........# ...
#..........#
########.#......########
..........###.........#
........#############.#
..(....†..># #.#
######..#### #.# #.@#
##.## #.#.#### #..#
#.... ......(# #..#
#.### #...... #.## #.#
#.)... #.# #.# #.@.. #.#
#.# .##... ### #@# #.#
.....# #.# #.# #.#
#.#..#####.####.### #.#


You could see Sigmund.

Vanquished Creatures
  An adder (D:2)
  An ooze (D:1)
  A dart slug (D:1)
  2 giant geckos
  2 bats (D:1)
  A giant cockroach (D:2)
  2 goblins (D:1)
  2 hobgoblins (D:1)
  3 jackals (D:1)
  2 giant newts (D:1)
  3 kobolds (D:1)
  4 rats
24 creatures vanquished.

Notes
Turn   | Place    | Note
-------+----------+-------------------------------------------
     0 | D:1      | TRIGGERED the Mummy Berserker began the quest for the Orb.
     0 | D:1      | Reached XP level 1. HP: 18/18 MP: 1/1
   105 | D:1      | Reached XP level 2. HP: 19/24 MP: 2/2
   596 | D:1      | Reached XP level 3. HP: 29/29 MP: 3/3
   750 | D:2      | Found a radiant altar of Vehumet.
   829 | D:2      | Noticed Sigmund
   849 | D:2      | Killed from afar by Sigmund

Vault maps used:
D:1:      scummos_arrival_simple_crosswalls
D:2:      fiery_altar_vehumet, uniq_sigmund, uniq_crazy_yiuf_cottage

Skill      XL: |  1  2 |
---------------+-------+-----
Long Blades    | 3 |  3.2
Fighting       | |  3.6
Armour         | |  1.5
Dodging        | |  1.5

Action                   || total
-------------------------++-------
Melee: Falchion          ||   139
Armor: Ring mail         ||    27
       Scale mail        ||    27
Dodge: Dodged            ||    72
